 Dungeon Crawl Stone Soup version 0.31.0-11-ge490571c62 (webtiles) character file.

Game seed: 10686380608747078896

204 Ashen the Sneak (level 5, 0/38 HPs)
             Began as a Gnoll Enchanter on Feb 4, 2024.
             Succumbed to a scorpion's poison
             ... on level 4 of the Dungeon.
             The game lasted 00:06:24 (2523 turns).

Ashen the Sneak (Gnoll Enchanter)                   Turns: 2523, Time: 00:06:25

Health: 0/38       AC:  2    Str:  7    XL:     5   Next: 82%
Magic:  1/12       EV: 14    Int: 15    God:
Gold:   77         SH:  0    Dex: 14    Spells: 3/14 levels left

rFire   . . .        l - +3 dagger
rCold   . . .        (no shield)
rNeg    . . .        b - +0 robe
rPois   .            (no helmet)
rElec   .            (no cloak)
rCorr   .            (no gloves)
SInv    .            (no boots)
Will    .....        (no amulet)
Stlth   +++          (no ring)
HPRegen 0.26/turn    (no ring)
MPRegen 0.13/turn

%: no passive effects
@: lethally poisoned (0 -> 0), invisible
A: fangs 1, strong nose, distributed training
a: no special abilities


You were on level 4 of the Dungeon.
You visited 1 branch of the dungeon, and saw 4 of its levels.

You collected 77 gold pieces.

Inventory:

Hand Weapons
 a - a +1 dagger
 l - a +3 dagger (weapon)
Armour
 b - a +0 robe (worn)
 k - a +0 kite shield
Wands
 t - a wand of polymorph (9)
Scrolls
 d - a scroll of silence {unknown}
 e - 2 scrolls of brand weapon {unknown}
 f - 3 scrolls of teleportation {unknown}
 h - a scroll of identify {unknown}
 p - a scroll of revelation {unknown}
 q - a scroll of poison {unknown}
 s - a scroll of vulnerability {unknown}
 u - a scroll of immolation {unknown}
Potions
 c - a potion of invisibility
 g - a potion of brilliance {unknown}
 i - a potion of mutation {unknown}
 j - a potion of resistance {unknown}
 m - 2 potions of haste {unknown}
 n - a potion of might {unknown}
 o - a potion of cancellation {unknown}
 r - a potion of ambrosia {unknown}
 v - a potion of heal wounds {unknown}


   Skills:
 + Level 1.7 Fighting
 + Level 3.1 Short Blades
 + Level 1.7 Long Blades
 + Level 1.7 Axes
 + Level 1.7 Maces & Flails
 + Level 1.7 Polearms
 + Level 1.7 Staves
 + Level 1.7 Ranged Weapons
 + Level 1.7 Throwing
 + Level 1.7 Armour
 + Level 4.9 Dodging
 + Level 6.2 Stealth
 + Level 1.7 Shields
 + Level 1.7 Unarmed Combat
 + Level 5.3 Spellcasting
 + Level 1.3 Conjurations
 + Level 5.6 Hexes
 + Level 1.3 Summonings
 + Level 1.3 Necromancy
 + Level 1.3 Translocations
 + Level 1.3 Fire Magic
 + Level 1.3 Ice Magic
 + Level 1.3 Air Magic
 + Level 1.3 Earth Magic
 + Level 1.3 Alchemy
 + Level 2.0 Invocations
 + Level 1.7 Evocations
 + Level 1.5 Shapeshifting


You had 3 spell levels left.
You knew the following spells:

 Your Spells              Type           Power      Damage    Failure   Level
a - Ensorcelled Hibernat  Hex/Ice        28%        N/A       6%          2
b - Confusing Touch       Hex            20%        N/A       4%          3
c - Tukima's Dance        Hex            20%        N/A       4%          3
d - Dazzling Flash        Conj/Hex       28%        N/A       12%         3

Your spell library contained the following spells:

 Spells                   Type           Power      Damage    Failure   Level
 Mercury Vapours          Alch/Air       16%        N/A       14%         2
 Scorch                   Fire           16%        2d5       14%         2
 Mephitic Cloud           Conj/Alch/Air  8%         N/A       26%         3
 Sticky Flame             Fire/Alch      8%         2d4       65%         4
 Freezing Cloud           Conj/Ice/Air   4%         6-21      94%         5
 Discord                  Hex            10%        N/A       100%        8


Dungeon Overview and Level Annotations

Branches:
Dungeon (4/15)
 Temple: D:4-7

Altars:
Cheibriados

Shops:
D:1 !

Annotations:
D:4 Dowan, Duvessa


Innate Abilities, Weirdness & Mutations

You have very sharp teeth.
Your uncanny sense of smell can sniff out nearby items.
Your experience applies equally to all skills.


Message History

You feel sick. The scorpion closely misses you.
You closely miss the scorpion.
The scorpion is almost dead.
You feel sick. The scorpion stings you.
You are more poisoned.
The scorpion poisons you!
You hit the scorpion.
You kill the scorpion!
You feel sick.
You barely miss the endoplasm.
You feel sick. The endoplasm freezes you.
You are frozen.
* * * LOW HITPOINT WARNING * * *
You barely miss the endoplasm.
You feel sick. The endoplasm hits you.
* * * LOW HITPOINT WARNING * * *
You hit the endoplasm but do no damage.
You feel sick. The endoplasm closely misses you.
You hit the endoplasm.
The endoplasm is heavily wounded.
You feel sick. The endoplasm completely misses you.
You hit the endoplasm.
You kill the endoplasm!
You feel sick.
Your Invocations skill increases to level 2!
You hit the orc.
The orc is moderately wounded.
You feel sick.
You hit the orc.
The orc is heavily wounded.
You feel sick. The quokka completely misses you. The orc barely misses you.
You hit the orc but do no damage.
The orc is heavily wounded.
The quokka misses you. The orc completely misses you.
You fade into invisibility!
You feel sick. The quokka closely misses you.
The orc hits you with a +0 hand axe.
* * * LOW HITPOINT WARNING * * *
You hit the orc.
You kill the orc!
You die...

.........# #....#...
.........# #.#......
.........# #.##.....
.........##### #........
......o..'J..#### #####....
.....o.s.#).....### #......
...o...r.#)####...## #.#..#.
..J#...###.or)###..##.##.#....
#...... #..#@..##..#....(...#
#...... ##.#....##.####.##...
.##... #.##....#..# #. #.#.
#.. #.. #...##.# # #... ∆ ##..
#...#)## ###. #..###.#..# ##
#.....#..# ## #.....# ###.
.#####.#####...


You could see an orc (unable to see you) and a quokka (unable to see you).

Vanquished Creatures
  A scorpion (D:4)
  An orc wizard (D:3)
  A gnoll (D:4)
  3 adders
  A ribbon worm (D:2)
  3 dart slugs
  9 orcs
  13 endoplasms
  3 giant cockroaches
  6 hobgoblins
  3 kobolds
  3 quokkas
  6 ball pythons
  4 bats
  3 frilled lizards
  3 goblins (D:1)
  5 rats
68 creatures vanquished.

Notes
Turn   | Place    | Note
-------+----------+-------------------------------------------
     0 | D:1      | Ashen the Gnoll Enchanter began the quest for the Orb.
     0 | D:1      | Reached XP level 1. HP: 13/13 MP: 6/6
    53 | D:1      | Found Favy's Distillery.
    86 | D:1      | Got the Annotations on Calescent Malediction
   114 | D:1      | Reached XP level 2. HP: 19/19 MP: 7/7
   117 | D:1      | Learned a level 2 spell: Ensorcelled Hibernation
   478 | D:1      | Reached skill level 5 in Spellcasting
   478 | D:1      | Reached XP level 3. HP: 24/25 MP: 1/9
   502 | D:1      | Reached skill level 6 in Stealth
   561 | D:1      | Learned a level 3 spell: Confusing Touch
   565 | D:1      | Learned a level 3 spell: Tukima's Dance
   569 | D:1      | Learned a level 3 spell: Dazzling Flash
   731 | D:2      | Reached skill level 1 in Invocations
   845 | D:2      | Reached skill level 1 in Fighting
   845 | D:2      | Reached skill level 1 in Long Blades
   845 | D:2      | Reached skill level 1 in Axes
   845 | D:2      | Reached skill level 1 in Maces & Flails
   845 | D:2      | Reached skill level 1 in Polearms
   845 | D:2      | Reached skill level 1 in Staves
   845 | D:2      | Reached skill level 1 in Ranged Weapons
   845 | D:2      | Reached skill level 1 in Throwing
   845 | D:2      | Reached skill level 1 in Armour
   845 | D:2      | Reached skill level 1 in Shields
   845 | D:2      | Reached skill level 1 in Unarmed Combat
   845 | D:2      | Reached skill level 1 in Evocations
  1001 | D:2      | Reached skill level 1 in Shapeshifting
  1001 | D:2      | Reached XP level 4. HP: 31/32 MP: 6/11
  1563 | D:3      | Found a snail-covered altar of Cheibriados.
  1724 | D:3      | Reached skill level 1 in Conjurations
  1724 | D:3      | Reached skill level 1 in Summonings
  1724 | D:3      | Reached skill level 1 in Necromancy
  1724 | D:3      | Reached skill level 1 in Translocations
  1724 | D:3      | Reached skill level 1 in Fire Magic
  1724 | D:3      | Reached skill level 1 in Ice Magic
  1724 | D:3      | Reached skill level 1 in Air Magic
  1724 | D:3      | Reached skill level 1 in Earth Magic
  1724 | D:3      | Reached skill level 1 in Alchemy
  2240 | D:3      | Reached XP level 5. HP: 37/37 MP: 12/12
  2290 | D:4      | Noticed Duvessa
  2290 | D:4      | Noticed Dowan
  2522 | D:4      | HP: 1/38 [orc/+0 hand axe (2)]
  2523 | D:4      | Succumbed to a scorpion's poison

Illustrated notes

Levels and vault maps discovered:
D:1:      dpeg_arrival_shelter, layout_rooms, serial_shops, shop,
          minmay_tiny_reverse_x
D:2:      layout_rooms, hangedman_abyss_or_decor_stabs,
          kennysheep_generic_room_13
D:3:      layout_loops_cross, cheibriados_altar_1, minmay_door_square
D:4:      minmay_evil_eye, layout_basic, uniq_duvessa

Skill      XL: |  1  2  3  4  5 |
---------------+----------------+-----
Spellcasting   | 5 |  5.3
Stealth        | 6 |  6.2
Invocations    | 1 2 |  2.0
Fighting       | 1 |  1.7
Long Blades    | 1 |  1.7
Axes           | 1 |  1.7
Maces & Flails | 1 |  1.7
Polearms       | 1 |  1.7
Staves         | 1 |  1.7
Ranged Weapons | 1 |  1.7
Throwing       | 1 |  1.7
Armour         | 1 |  1.7
Shields        | 1 |  1.7
Unarmed Combat | 1 |  1.7
Evocations     | 1 |  1.7
Shapeshifting  | 1 |  1.5
Conjurations   | 1 |  1.3
Summonings     | 1 |  1.3
Necromancy     | 1 |  1.3
Translocations | 1 |  1.3
Fire Magic     | 1 |  1.3
Ice Magic      | 1 |  1.3
Air Magic      | 1 |  1.3
Earth Magic    | 1 |  1.3
Alchemy        | 1 |  1.3
Short Blades   | 3 |  3.1
Dodging        | |  4.9
Hexes          | |  5.6

Action                     |  1- 3 |  4- 6 || total
---------------------------+-------+-------++-------
  Melee: Dagger            |    78 |    89 ||   167
         Bite              |     2 |     3 ||     5
   Cast: Ensorcelled Hiber |    15 |    17 ||    32
         Confusing Touch   |       |     1 ||     1
    Use: Potion            |       |     1 ||     1
   Stab: Sleeping          |    19 |    18 ||    37
 Armour: Robe              |    26 |    32 ||    58
  Dodge: Dodged            |    46 |    49 ||    95
